 Dungeon Crawl Stone Soup version 0.28.0-43-g3370ac3207 (webtiles) character file.

Game seed: 14666800949842135882

6202 styxcanada the Cleaver (level 10, -3/90 HPs)
             Began as a Minotaur Fighter on Mar 5, 2022.
             Was an Initiate of Gozag.
             Slain by a 12-headed hydra (8 damage)
             ... on level 1 of the Lair of Beasts.
             The game lasted 00:28:28 (7353 turns).

styxcanada the Cleaver (Minotaur Fighter)           Turns: 7353, Time: 00:28:29

Health: -3/90      AC: 23    Str: 29    XL:     10   Next: 61%
Magic:  0/9        EV: 13    Int:  5    God:    Gozag
Gold:   1172       SH:  5    Dex: 10    Spells: 9/9 levels left

rFire   . . .      SeeInvis .   y - +0 flail (venom)
rCold   + . .      Faith    .   c - +0 buckler
rNeg    . . .      Spirit   .   j - +2 chain mail {rC+}
rPois   .          Reflect  .   (helmet restricted)
rElec   .          Harm     .   H - +1 cloak
rCorr   .          Rampage  .   K - +2 pair of gloves {infuse}
Will    .....                   (no boots)
Stlth   ..........              (no amulet)
HPRegen 0.25/turn               v - ring "Yjeafuag" {AC+4 Str+4}
MPRegen 0.11/turn               l - +4 ring of evasion

@: gold aura
A: horns 2, retaliatory headbutt
a: Renounce Religion, Potion Petition, Call Merchant, Bribe Branch


You were on level 1 of the Lair of Beasts.
You worshipped Gozag.
Gozag was most pleased with you.
You visited 3 branches of the dungeon, and saw 10 of its levels.

You collected 2317 gold pieces.
You spent 264 gold pieces at shops.
You paid 881 gold pieces to Gozag.

Inventory:

Hand Weapons
 y - a +0 flail of venom (weapon)
 I - a +4 war axe of freezing
Missiles
 w - 9 atropa-tipped darts (quivered)
 B - 12 poisoned darts
 J - a curare-tipped dart
Armour
 c - a +0 buckler (worn)
 j - a +2 chain mail of cold resistance (worn)
 H - a +1 cloak (worn)
 K - a +2 pair of gloves of infusion (worn)
Jewellery
 l - a +4 ring of evasion (right hand)
 q - a ring of poison resistance
 v - the ring "Yjeafuag" (left hand) {AC+4 Str+4}
   (You found it on level 4 of the Dungeon)

   [ring of protection]

   AC:        It affects your AC (+4).
   Str:       It affects your strength (+4).
Wands
 d - a wand of flame (47)
 m - a wand of paralysis (20)
 n - a wand of charming (8)
 F - a wand of digging (4)
Scrolls
 e - a scroll of enchant armour
 i - a scroll of enchant weapon
 s - 2 scrolls of teleportation
 A - a scroll of immolation
 C - 2 scrolls of identify
Potions
 b - 4 potions of curing
 g - a potion of cancellation
 k - a potion of mutation
 x - 2 potions of heal wounds
 z - a potion of ambrosia
 G - a potion of might


   Skills:
 * Level 8.9 Fighting
 + Level 11.7 Axes
 + Level 1.2 Throwing
 * Level 10.5 Armour
 + Level 2.0 Dodging
 + Level 5.1 Shields
 * Level 5.5 Evocations


You had 9 spell levels left.
You didn't know any spells.
Your spell library contained the following spells:

 Spells                   Type           Power      Damage    Failure   Level
 Sublimation of Blood     Necr           0%         N/A       99%         2
 Wereblood                Tmut           0%         N/A       99%         2
 Gell's Gravitas          Tloc           0%         N/A       100%        3
 Lesser Beckoning         Tloc           0%         N/A       100%        3
 Teleport Other           Tloc           0%         N/A       100%        3
 Tukima's Dance           Hex            0%         N/A       100%        3
 Passage of Golubria      Tloc           0%         N/A       100%        4
 Yara's Violent Unravell  Hex/Tmut       0%         3d3       100%        5
 Summon Hydra             Summ           0%         N/A       100%        7


Dungeon Overview and Level Annotations

Branches:
Dungeon (8/15)             Temple (1/1) D:6            Lair (1/6) D:8

Altars:
Elyvilon
Gozag
Hepliaklqana
Kikubaaqudgha
Makhleb
Okawaru
Trog
Uskayaw
Vehumet
Yredelemnul

Shops:
D:1 *   D:2 :   D:8 [


Innate Abilities, Weirdness & Mutations

You have a pair of horns on your head.
You reflexively headbutt those who attack you in melee.


Message History

The 12-headed hydra bites your yak but does no damage.
The 12-headed hydra bites your yak. The 12-headed hydra bites your yak! x2
Your yak dies!
The yak is distracted by your dazzling golden aura.
The 12-headed hydra is distracted by your dazzling golden aura.
The yak is distracted by your dazzling golden aura.
You see here 61 gold pieces.
The yak bellows! x2; The 12-headed hydra roars!
You sock the 12-headed hydra!
The 12-headed hydra is no longer distracted by gold.
The 12-headed hydra is severely wounded.
The yak is no longer distracted by gold.
The 12-headed hydra bites you but does no damage. x2
The 12-headed hydra bites you.
The 12-headed hydra closely misses you. x2
The 12-headed hydra bites you but does no damage.
You block the 12-headed hydra's attack. The 12-headed hydra closely misses you.
The 12-headed hydra bites you. x2; The 12-headed hydra bites you!
The 12-headed hydra bites you but does no damage.
The yak is distracted by your dazzling golden aura.
The yak bellows!
You barely miss the 12-headed hydra.
The 12-headed hydra is severely wounded.
The yak is no longer distracted by gold.
The 12-headed hydra bites you but does no damage.
The 12-headed hydra bites you!
* * * LOW HITPOINT WARNING * * *
The 12-headed hydra closely misses you.
The 12-headed hydra completely misses you.
The 12-headed hydra bites you but does no damage.
The 12-headed hydra closely misses you.
The 12-headed hydra bites you but does no damage.
The 12-headed hydra bites you.
* * * LOW HITPOINT WARNING * * *
The 12-headed hydra bites you!
* * * LOW HITPOINT WARNING * * *
The 12-headed hydra barely misses you. x3; The 12-headed hydra bites you!
* * * LOW HITPOINT WARNING * * *
You block the 12-headed hydra's attack. The 12-headed hydra bites you!
You die...
Your body crumbles into a pile of gold.

######## #
#......# ###
#### ...l. ..#
#... #YY# #.#
#.#. #D# #.###
#.## #@#
#.#P####.P# #.#
##......#.##
#.#
#...P.#.#.##
#.##
##..###.....
#..#
#....[.....
##.#
##...##....# .
#.#
#..####...##
#..###.#####.##
#...#
#....(........#
#...#


You could see a 12-headed hydra, a komodo dragon and 2 yaks.

Vanquished Creatures
  Joseph (D:7)
  A troll (D:8)
  Grinder (D:6)
  Prince Ribbit (D:6)
  14 yaks
  2 steam dragons (D:8)
  Duvessa (D:7)
  Menkaure (D:6)
  An acid dragon (D:8)
  2 water moccasins
  2 black bears
  A sky beast (D:7)
  3 orc warriors
  An ogre (D:6)
  A necrophage (D:5)
  A centaur (D:7)
  A kobold brigand (D:8)
  Blork the orc (D:5)
  5 bullfrogs
  A scorpion (D:5)
  A water moccasin skeleton (D:7)
  Dowan (D:7)
  6 killer bees (D:8)
  A centaur zombie (D:6)
  A hound (D:5)
  A gnoll shaman (D:8)
  A centaur skeleton (D:5)
  2 orc priests
  3 iguanas
  4 orc wizards
  Ijyb (D:5)
  A killer bee zombie (D:7)
  A hound skeleton (D:4)
  A howler monkey zombie (D:7)
  6 gnolls
  2 howler monkey skeletons
  7 adders
  3 ufetubi
  A worm (D:4)
  2 dart slugs
  24 orcs
  13 endoplasms
  2 giant cockroaches
  7 goblins
  3 hobgoblins
  7 jackals
  4 quokkas
  11 ball pythons
  2 bats
  4 frilled lizards (D:1)
  9 kobolds
  7 rats
181 creatures vanquished.

Vanquished Creatures (others)
  A yak (Lair:1)
  An orc (D:7)
  A plant (Lair:1)
3 creatures vanquished.

Grand Total: 184 creatures vanquished

Notes
Turn   | Place    | Note
-------+----------+-------------------------------------------
     0 | D:1      | styxcanada the Minotaur Fighter began the quest for the
                  | Orb.
     0 | D:1      | Reached XP level 1. HP: 19/19 MP: 0/0
   324 | D:1      | Reached XP level 2. HP: 27/27 MP: 1/1
   878 | D:1      | Reached XP level 3. HP: 33/33 MP: 2/2
  1053 | D:1      | Found Kate's General Store.
  1180 | D:2      | Reached skill level 3 in Axes
  1421 | D:2      | Reached XP level 4. HP: 40/41 MP: 3/3
  1503 | D:2      | Found Todwo Qie's Book Emporium.
  2434 | D:3      | Found a hide-covered altar of Uskayaw.
  2651 | D:4      | Identified the ring "Yjeafuag" {AC+4 Str+4}
  2822 | D:4      | Reached skill level 5 in Armour
  2822 | D:4      | Reached XP level 5. HP: 42/47 MP: 4/4
  2958 | D:4      | Reached skill level 4 in Axes
  3405 | D:4      | Noticed a black bear
  3416 | D:4      | Killed a black bear
  3417 | D:4      | Reached skill level 5 in Fighting
  3417 | D:4      | Reached skill level 1 in Evocations
  3417 | D:4      | Reached XP level 6. HP: 45/56 MP: 5/5
  3553 | D:5      | Entered Level 5 of the Dungeon
  3572 | D:5      | Noticed Ijyb
  3594 | D:5      | Killed Ijyb
  3746 | D:5      | Reached skill level 5 in Axes
  3877 | D:5      | You fall into a shaft and drop 2 floors!
  3884 | D:7      | Reached XP level 7. HP: 59/61 MP: 6/6
  4021 | D:7      | Reached skill level 6 in Axes
  4092 | D:7      | Noticed Dowan
  4094 | D:7      | Noticed Duvessa
  4104 | D:7      | Killed Dowan
  4105 | D:7      | Reached skill level 1 in Dodging
  4106 | D:7      | Killed Duvessa
  4188 | D:6      | Found a staircase to the Ecumenical Temple.
  4194 | D:6      | Reached skill level 7 in Axes
  4206 | Temple   | Entered the Ecumenical Temple
  4422 | Temple   | Became a worshipper of Gozag Ym Sagoz the Greedy
  4583 | D:6      | Reached XP level 8. HP: 65/70 MP: 7/7
  4607 | D:6      | Noticed Grinder
  4623 | D:6      | Killed Grinder
  5218 | D:5      | Noticed Blork the orc
  5228 | D:5      | Killed Blork the orc
  5401 | D:6      | Reached skill level 8 in Axes
  5477 | D:6      | Noticed Prince Ribbit
  5492 | D:6      | Killed Prince Ribbit
  5583 | D:6      | Noticed Menkaure
  5588 | D:6      | Killed Menkaure
  5840 | D:7      | Reached XP level 9. HP: 77/78 MP: 8/8
  5878 | D:7      | Noticed Joseph
  5890 | D:7      | Killed Joseph
  6066 | D:7      | Reached skill level 1 in Throwing
  6219 | D:8      | Reached skill level 9 in Axes
  6408 | D:8      | Found a staircase to the Lair.
  6428 | D:8      | Reached skill level 10 in Axes
  6429 | D:8      | Noticed a troll
  6435 | D:8      | Reached skill level 5 in Shields
  6454 | D:8      | Killed a troll
  6455 | D:8      | Reached XP level 10. HP: 58/88 MP: 9/9
  6721 | D:8      | Reached skill level 5 in Evocations
  6727 | D:8      | Reached skill level 11 in Axes
  6867 | D:8      | Identified a scroll of acquirement
  6868 | D:8      | Acquired 1172 gold pieces
  7111 | Lair:1   | Entered Level 1 of the Lair of Beasts
  7117 | D:8      | Bought a +1 pair of gloves of infusion for 264 gold pieces
  7216 | Lair:1   | Reached skill level 10 in Armour
  7334 | Lair:1   | Noticed an eight-headed hydra
  7353 | Lair:1   | Slain by a 12-headed hydra

Illustrated notes

Levels and vault maps discovered:
D:1:      shiori_arrival_elements, layout_loops_ring, serial_shops,
          shop_fountains, chequers_decorated_corner
D:2:      layout_basic, serial_shops, shop_fountains, minmay_misc_feat_square,
          minmay_indecisive_spiral
D:3:      layout_rooms, lemuel_coloured_pillars_altar, hangedman_decor_points,
          minivault_23, minmay_misc_feat_x
D:4:      layout_basic, minmay_checkerbox
D:5:      layout_loops_ring, uniq_ijyb, uniq_blork_the_orc
D:6:      layout_rooms, minmay_temple_entry_ruins, uniq_prince_ribbit1,
          uniq_menkaure, uniq_grinder
D:7:      layout_cave_pools, uniq_duvessa, uniq_joseph
D:8:      layout_cave_pools, lair_entry_dummy
Temple:   mainiacjoe_temple_hex_bubbles
Lair:1:   hellmonk_destroyed_diamonds, layout_loops_ring,
          gauntlet_entry_generic, nicolae_lair_lil_pond

Skill      XL: |  1  2  3  4  5  6  7  8  9 10 |
---------------+-------------------------------+-----
Fighting       | 4 5 6 8 |  8.9
Armour         | 4 5 6 8 9 10 | 10.5
Axes           | 3 4 5 7 8 10 11 | 11.7
Shields        | 4 5 |  5.1
Evocations     | 1 2 3 4 5 |  5.5
Dodging        | 1 2 |  2.0
Throwing       | 1 |  1.2

Action                   |  1- 3 |  4- 6 |  7- 9 | 10-12 || total
-------------------------+-------+-------+-------+-------++-------
Melee: War axe           |    81 |   108 |   192 |    55 ||   436
       Headbutt          |    10 |    12 |    31 |     9 ||    62
       Flail             |       |       |       |     2 ||     2
Throw: Dart              |       |     6 |     3 |     3 ||    12
Invok: Call Merchant     |       |       |       |     1 ||     1
Evoke: Wand              |       |       |     1 |     1 ||     2
  Use: Scroll            |       |     6 |    12 |     4 ||    22
       Potion            |       |     1 |     1 |       ||     2
Armor: Scale mail        |    18 |       |       |       ||    18
       Chain mail        |    31 |    85 |   136 |    48 ||   300
       Skin              |       |    12 |       |       ||    12
Dodge: Dodged            |    35 |    49 |    97 |    31 ||   212
Block: Buckler           |    20 |    27 |    33 |    14 ||    94
